 Dungeon Sprint DCSS version 0.21.1-1-g345015f (webtiles) character file.

29 Psiloshibe the Ducker (level 5, -7/42 HPs)
             Began as a Demonspawn Gladiator on June 23, 2018.
             Was a Priest of Trog.
             Mangled by a spiny frog (20 damage)
             ... in the Dungeon (Sprint VI: "Thunderdome").
             The game lasted 00:03:07 (347 turns).

Psiloshibe the Ducker (Demonspawn Gladiator)         Turns: 347, Time: 00:03:07

Health: -7/42      AC:  6    Str: 22    XL:     5   Next: 88%
Magic:  5/5        EV: 19    Int:  9    God:    Trog [***...]
Gold:   115        SH:  0    Dex: 17    Spells: 4/4 levels left

rFire    + . .     SeeInvis .   a - +0 war axe
rCold    . . .     Gourm    .   (no shield)
rNeg     + . .     Faith    +   b - +0 leather armour
rPois    .         Spirit   .   c - +0 helmet
rElec    .         Reflect  .   (no cloak)
rCorr    .         Harm     .   (no gloves)
MR       .....     NoTele   +   (no boots)
Stlth    +++.......             r - amulet "Maitsar" {Faith rF- Str+7 Dex+2}
HPRegen  0.14/turn              p - ring of the Morning {+Fly EV+2 Stlth+}
MPRegen  0.09/turn              q - ring of Asmuak {rF++ rN+}

@: lethally poisoned (-7 -> -34)
A: icy blue scales 1, nightstalker 1, powered by death 1
a: Berserk, Trog's Hand, Burn Spellbooks, Renounce Religion, Evoke Flight


You were in the Dungeon.
You worshipped Trog.
Trog was most pleased with you.
You were not hungry.

You visited 1 branch You collected 250 gold pieces.
You spent 135 gold pieces at shops.

Inventory:

Hand Weapons
 a - a +0 war axe (weapon)
Missiles
 d - a throwing net (quivered)
Armour
 b - a +0 leather armour (worn)
 c - a +0 helmet (worn)
Jewellery
 p - the ring of the Morning (left hand) {+Fly EV+2 Stlth+}
   (You bought it in a shop in the Dungeon)

   [ring of evasion]

   It affects your evasion (+2).
   It lets you fly.
   It makes you more stealthy.
 q - the ring of Asmuak (right hand) {rF++ rN+}
   (You bought it in a shop in the Dungeon)

   [ring of positive energy]

   It greatly protects you from fire.
   It protects you from negative energy.
 r - the amulet "Maitsar" (around neck) {Faith rF- Str+7 Dex+2}
   (You bought it in a shop in the Dungeon)

   [amulet of faith]

   It allows you to gain divine favour quickly.
   It affects your strength (+7).
   It affects your dexterity (+2).
   It makes you vulnerable to fire.
Wands
 m - a wand of acid (3)
 n - a wand of iceblast (5)
Scrolls
 k - 4 scrolls of blinking
 o - 3 scrolls of fog
Potions
 e - a potion of curing
 g - 3 potions of heal wounds
 h - 4 potions of haste
 i - 2 potions of magic
 j - a potion of berserk rage
 l - a potion of resistance
Comestibles
 f - a ration
 s - 6 chunks of flesh


   Skills:
 + Level 4.1 Fighting
 + Level 7.0 Axes
 * Level 5.3 Throwing
 + Level 7.3 Dodging


You had 4 spell levels left.
You didn't know any spells.

Dungeon Overview and Level Annotations

Branches:
Dungeon (1/1)

Altars:
Cheibriados
Dithmenos
Fedhas
Gozag
Kikubaaqudgha
Makhleb
Okawaru
Qazlal
Ru
Sif Muna
Trog
Uskayaw
Vehumet
Wu Jian
Xom
Yredelemnul
Zin
The Shining One
Beogh
Jiyva
Lugonu

Shops:
D *[%??*?*:[((!!!!


Innate Abilities, Weirdness & Mutations

You are partially covered in icy blue scales. (AC +2)
You are slightly more attuned to the shadows.
You regenerate a little health from kills.


Message History

The spiny frog poisons you! The spiny frog completely misses you.
You hit the spiny frog.
The spiny frog is heavily wounded.
You feel sick. The spiny frog stings you!!
* * * LOW HITPOINT WARNING * * *
You slash the spiny frog!
The spiny frog is almost dead.
* * * LOW HITPOINT WARNING * * *
You feel sick. The spiny frog closely misses you.
You feel much better.
You feel sick. The spiny frog barely misses you. The spiny frog stings you!
You closely miss the spiny frog.
The spiny frog is almost dead.
You feel sick. The spiny frog misses you.
You completely miss the spiny frog.
The spiny frog is almost dead.
You feel sick. The spiny frog stings you.
You are lethally poisoned!
The spiny frog poisons you! The spiny frog stings you!!
You die...

###∩........8.#
#.8........∩###
##∩_._......###......___∩##
######.8.........8.######
#⌠...÷.......⌠#
###.........### #_......._#
#......÷._# #........_#
#∩...@...∩# ##∩..F..∩##
##.....## ##⌠⌠⌠## #####


You could see a spiny frog.

Vanquished Creatures
  2 necrophages (D)
  A wight (D)
  4 adders (D)
  An adder skeleton (D)
  A ball python (D)
9 creatures vanquished.

Notes
Turn   | Place    | Note
-------+----------+-------------------------------------------
     0 | D        | Psiloshibe the Demonspawn Gladiator began the quest for the Orb.
     0 | D        | Reached XP level 1. HP: 16/16 MP: 1/1
     3 | D        | Found a radiant altar of Vehumet.
     3 | D        | Found a corrupted altar of Lugonu.
     5 | D        | Found a glowing golden altar of the Shining One.
     5 | D        | Round 1.
     6 | D        | Found a shimmering altar of Xom.
     6 | D        | Found a roughly hewn altar of Beogh.
     6 | D        | Found Wieluip's Premium Goods.
     6 | D        | Found Lijif's Weapon Rack.
     7 | D        | Found a viscous altar of Jiyva.
     8 | D        | Found Yzxetuah's Identification Station.
     9 | D        | Found Gamozyh's Advanced Armour.
     9 | D        | Found Xofyeg's Jewellery.
    10 | D        | Found a bloodstained altar of Trog.
    10 | D        | Found an opulent altar of Gozag.
    10 | D        | Found a shadowy altar of Dithmenos.
    10 | D        | Found Wiv Ovub's Delicious Food.
    14 | D        | Found a sacrificial altar of Ru.
    18 | D        | Became a worshipper of Trog the Wrathful
    23 | D        | Bought a slimy bone ring for 45 gold pieces
    23 | D        | Bought a scorched silver ring for 45 gold pieces
    23 | D        | Bought a heavily runed zirconium amulet for 45 gold pieces
    23 | D        | Identified the ring of the Morning {+Fly EV+2 Stlth+} (You bought it in a shop in the Dungeon)
    24 | D        | Identified the ring of Asmuak {rF++ rN+} (You bought it in a shop in the Dungeon)
    25 | D        | Identified the amulet "Maitsar" {Faith rF- Str+7 Dex+2} (You bought it in a shop in the Dungeon)
    56 | D        | Noticed a necrophage
    58 | D        | Found Exzar's Miscellaneous Merchandise.
    58 | D        | Found Cimnig's Basic Armour.
    61 | D        | Noticed a necrophage
    65 | D        | Killed a necrophage
    65 | D        | Reached * piety under Trog
    65 | D        | Reached skill level 5 in Axes
    65 | D        | Reached skill level 5 in Dodging
    65 | D        | Gained mutation: You regenerate a little health from kills. [demonic ancestry]
    65 | D        | Reached XP level 2. HP: 18/24 MP: 2/2
    65 | D        | Reached XP level 3. HP: 22/29 MP: 3/3
    65 | D        | Gained mutation: You are slightly more attuned to the shadows. [demonic ancestry]
    65 | D        | Reached XP level 4. HP: 26/35 MP: 4/4
    68 | D        | Killed a necrophage
    68 | D        | Gained mutation: You are partially covered in icy blue scales. (AC +2) [demonic ancestry]
    68 | D        | Reached XP level 5. HP: 32/42 MP: 5/5
    73 | D        | Found a stormy altar of Qazlal.
    74 | D        | Found a blossoming altar of Fedhas.
    77 | D        | Found a burning altar of Makhleb.
    78 | D        | Found Quhaky's Do-It-Yourself Clinic.
    79 | D        | Found Giobaoh's Bottled Wisdom.
    80 | D        | Found Duexuro's Distillery.
    81 | D        | Found a glowing silver altar of Zin.
    81 | D        | Found a basalt altar of Yredelemnul.
    81 | D        | Found an ornate altar of the Wu Jian Council.
    81 | D        | Found Oquoj's Distillery.
   134 | D        | Reached skill level 5 in Throwing
   135 | D        | Found a deep blue altar of Sif Muna.
   136 | D        | Found an iron altar of Okawaru.
   136 | D        | Found an ancient bone altar of Kikubaaqudgha.
   136 | D        | Found a hide-covered altar of Uskayaw.
   136 | D        | Found a snail-covered altar of Cheibriados.
   137 | D        | Found Bolu's Magic Scroll Shop.
   137 | D        | Found Foagut's Staff Store.
   138 | D        | Found Malogam's Magic Scroll Shop.
   138 | D        | Found Iruhosed's Must-Have Magic.
   147 | D        | Arena points: 5 (+5) [x1]
   162 | D        | Round 2.
   194 | D        | Reached ** piety under Trog
   276 | D        | Reached *** piety under Trog
   302 | D        | Arena points: 29 (+24) [x2]
   331 | D        | Round 3.
   332 | D        | Noticed a spiny frog
   343 | D        | HP: 2/42 [spiny frog (18)]
   347 | D        | Mangled by a spiny frog

Skill      XL: |  1  2  3  4  5 |
---------------+----------------+-----
Axes           | 5 6 7 |  7.0
Throwing       | 3 4 5 |  5.3
Dodging        | 5 6 7 |  7.3
Fighting       | 3 4 |  4.1

Action                   |  1- 3 |  4- 6 || total
-------------------------+-------+-------++-------
Melee: War axe           |     2 |    30 ||    32
Throw: Throwing net      |       |     2 ||     2
Evoke: Wand              |       |     2 ||     2
  Use: Potion            |       |     1 ||     1
 Stab: Held in net/web   |       |     1 ||     1
Armor: Leather armour    |       |     4 ||     4
Dodge: Dodged            |     2 |    26 ||    28
